 Dungeon Crawl Stone Soup version 0.31-a0-152-g6aa68a64a1 (webtiles) character file.

Game seed: 11952244511337332815

415 qw the Shooter (level 6, 0/52 HPs)
             Began as a Minotaur Hunter on June 9, 2023.
             Slain by an orc
             ... wielding a +0 dagger
              (2 damage)
             ... on level 4 of the Dungeon.
             The game lasted 00:00:57 (2802 turns).

qw the Shooter (Minotaur Hunter)                    Turns: 2802, Time: 00:00:57

Health: 0/52       AC:  3    Str: 25    XL:     6   Next: 60%
Magic:  0/5        EV: 13    Int:  6    God:
Gold:   362        SH:  0    Dex: 16    Spells: 5/5 levels left

rFire   . . .        Y - +0 shortbow
rCold   . . .        (shield currently unavailable)
rNeg    . . .        c - +0 leather armour
rPois   +            (helmet restricted)
rElec   .            (no cloak)
rCorr   .            (no gloves)
SInv    .            (no boots)
Will    .....        h - amulet of Aciar {Spirit Str+4}
Stlth   +            i - +6 ring of strength
HPRegen 0.28/turn    (no ring)
MPRegen 0.09/turn

%: guardian spirit
@: no status effects
A: horns 2, retaliatory headbutt, poison resistance
a: no special abilities


You were on level 4 of the Dungeon.
You visited 1 branch of the dungeon, and saw 4 of its levels.

You collected 362 gold pieces.


Innate Abilities, Weirdness & Mutations

You have a pair of horns on your head.
You reflexively headbutt those who attack you in melee.
Your system is resistant to poisons. (rPois)


   Skills:
 - Level 4.0 Fighting
 + Level 7.6 Ranged Weapons
 - Level 3.7 Dodging
 - Level 0.7 Stealth


You had 5 spell levels left.
You didn't know any spells.
Your spell library was empty.

Inventory:

Hand Weapons
 Y - a +0 shortbow (weapon)
Armour
 c - a +0 leather armour (worn)
Jewellery
 h - the amulet of Aciar (around neck) {Spirit Str+4}
   (You acquired it on level 3 of the Dungeon)

   [amulet of guardian spirit]

   It causes incoming damage to be divided between your reserves of health and
   magic.
   Str:       It affects your strength (+4).
 i - a +6 ring of strength (left hand)
Scrolls
 a - 2 scrolls of identify
 m - a scroll of vulnerability {unknown}
Potions
 b - a potion of haste
 d - 2 potions of attraction {unknown}
 e - 2 potions of might
 f - a potion of heal wounds {unknown}
 g - 2 potions of mutation
 j - a potion of resistance {unknown}
 k - a potion of brilliance {unknown}
 l - 2 potions of curing {unknown}

Dungeon Overview and Level Annotations

Branches:
Dungeon (4/15)
 Temple: D:4-7

Altars:

Shops:
D:1 =

Annotations:
D:3 1 runed translucent door, Crazy Yiuf


Message History

You shoot an arrow.
The arrow closely misses the orc priest.
The arrow hits the orc but does no damage.
The orc is heavily wounded.
The orc priest hits you from afar with a +0 trident!
You shoot an arrow. The arrow hits the orc priest.
The orc priest is heavily wounded.
The orc priest completely misses you.
You shoot an arrow. The arrow hits the orc priest.
The orc priest is heavily wounded.
The orc priest calls upon Beogh to heal the orc.
The orc's wounds heal themselves!
You shoot an arrow. The arrow hits the orc priest.
The orc priest is severely wounded.
The orc priest closely misses you.
You shoot an arrow.
The arrow closely misses the orc priest.
The arrow barely misses the orc.
The arrow hits the ball python!
You kill the ball python!
The orc priest hits you but does no damage.
You shoot an arrow. The arrow hits the orc priest!
You kill the orc priest!
You shoot an arrow. The arrow hits the orc.
The orc is lightly wounded.
You shoot an arrow. The arrow barely misses the orc.
The arrow hits the jelly.
The jelly is lightly wounded.
The orc hits you with a +0 dagger.
You shoot an arrow.
The arrow hits the orc but does no damage.
The orc is lightly wounded.
The orc closely misses you.
You shoot an arrow.
The arrow hits the orc but does no damage.
The orc is lightly wounded.
The orc hits you with a +0 dagger.
You shoot an arrow.
The arrow hits the orc but does no damage.
The orc is lightly wounded.
The orc hits you with a +0 dagger.
You die...

### ##.## #%..#
. ##.#.## )..
##.....##
$$#..##..#.#..#
#$.hJo@......#
$$#..#####'####
... #.....# .
##.....##
#..#.#..#
########...#...#
+......)))#.#..#
####'####.....##
##....##...##


You could see a hound, a jelly and an orc.

Vanquished Creatures
  3 phantoms
  An orc priest (D:4)
  An orc wizard (D:4)
  5 adders
  An ufetubus (D:4)
  2 worms (D:3)
  2 dart slugs (D:1)
  6 orcs
  11 endoplasms
  4 giant cockroaches
  4 goblins
  3 hobgoblins
  2 jackals (D:3)
  5 quokkas
  3 ball pythons (D:4)
  4 bats
  5 frilled lizards
  2 kobolds (D:4)
  4 rats
68 creatures vanquished.

Notes
Turn   | Place    | Note
-------+----------+-------------------------------------------
     0 | D:1      | qw the Minotaur Hunter began the quest for the Orb.
     0 | D:1      | Reached XP level 1. HP: 18/18 MP: 0/0
     0 | D:1      | 0 ||| qw: Version: 0.2-a-122-gbc61b45
     0 | D:1      | 0 ||| qw: Game counter: 3435
     0 | D:1      | 0 ||| qw: Always use a shield: true
     0 | D:1      | 0 ||| qw: God list: Okawaru
     0 | D:1      | 0 ||| qw: Allow faded altars: false
     0 | D:1      | 0 ||| qw: Do Orc after D:15 true
     0 | D:1      | 0 ||| qw: Do second Lair branch before Depths: true
     0 | D:1      | 0 ||| qw: Lair rune preference: random
     0 | D:1      | 0 ||| qw: Plans: Normal
     0 | D:1      | 0 ||| PLANNING D:1-11
    23 | D:1      | Found Ogius's Jewellery Boutique.
    30 | D:1      | 30 ||| SHOPLISTING amulet of regeneration (390 gold, have
                  | 0).
    30 | D:1      | 30 ||| SHOPLISTING ring "Myifima" {rPois Dex+3} (432 gold,
                  | have 0).
    30 | D:1      | 30 ||| SHOPLISTING ring of poison resistance (260 gold,
                  | have 0).
    30 | D:1      | 30 ||| SHOPLISTING ring of willpower (325 gold, have 0).
   107 | D:1      | Reached XP level 2. HP: 25/25 MP: 1/1
   170 | D:1      | Reached skill level 5 in Ranged Weapons
   383 | D:1      | 383 ||| READING 2 scrolls labelled WEOKUI QOPIA.
   384 | D:1      | 384 ||| READING scroll labelled SIANE CEANLE.
   385 | D:1      | 385 ||| DRINKING 2 bubbling yellow potions.
   386 | D:1      | 386 ||| DRINKING 2 bubbling amethyst potions.
   386 | D:1      | Gained mutation: Your spells are a little easier to cast,
                  | but a little less powerful. [potion of mutation]
   386 | D:1      | Lost mutation: Your spells are a little easier to cast, but
                  | a little less powerful. [potion of mutation]
   386 | D:1      | Gained mutation: Your system is resistant to poisons.
                  | (rPois) [potion of mutation]
   387 | D:1      | 387 ||| DROPPING scroll of butterflies.
   655 | D:2      | Reached skill level 3 in Fighting
   686 | D:2      | Reached XP level 3. HP: 25/31 MP: 2/2
   980 | D:2      | 980 ||| READING scroll labelled DACVUO ZESKOLE.
  1280 | D:3      | Reached XP level 4. HP: 38/38 MP: 3/3
  1298 | D:3      | Noticed a phantom
  1310 | D:3      | Killed a phantom
  1311 | D:3      | Reached skill level 6 in Ranged Weapons
  1311 | D:3      | Reached XP level 5. HP: 22/45 MP: 4/4
  1805 | D:3      | Found a runed translucent door.
  1806 | D:3      | Noticed Crazy Yiuf
  2022 | D:3      | 2022 ||| UPGRADING to +6 ring of strength.
  2023 | D:3      | 2023 ||| DROPPING ring of wizardry.
  2024 | D:3      | 2024 ||| READING scroll labelled YCLOZU ZUNU.
  2025 | D:3      | 2025 ||| READING scroll labelled SEKKI SY UCIW.
  2089 | D:3      | 2089 ||| READING scroll labelled KACZAOK POVUS.
  2089 | D:3      | Identified a scroll of acquirement
  2089 | D:3      | 2089 ||| ACQUIRING amulet of Aciar {Spirit Str+4}
  2089 | D:3      | Acquired the amulet of Aciar {Spirit Str+4}
  2091 | D:3      | 2091 ||| UPGRADING to amulet of Aciar {Spirit Str+4}.
  2096 | D:3      | 2096 ||| READING scroll labelled OKAMUT ZIEPSA.
  2165 | D:3      | 2165 ||| READING 2 scrolls of identify.
  2165 | D:3      | 2165 ||| IDENTIFYING metallic brown potion
  2523 | D:4      | Noticed a phantom
  2542 | D:4      | Killed a phantom
  2543 | D:4      | Reached skill level 7 in Ranged Weapons
  2664 | D:4      | Reached XP level 6. HP: 49/52 MP: 5/5
  2714 | D:4      | Reached skill level 3 in Dodging
  2791 | D:4      | HP: 7/52 [orc priest/divine providence (11)]
  2792 | D:4      | HP: 1/52 [orc priest/+0 trident (7)]
  2801 | D:4      | HP: 2/52 [orc/+0 dagger (1)]
  2802 | D:4      | Slain by an orc

Levels and vault maps discovered:
D:1:      scummos_arrival_star, layout_rooms, serial_shops, nicolae_shop_stone
D:2:      layout_loops_cross, minmay_tetromino_s2
D:3:      minmay_inner_zag, layout_loops_ring, grunt_ministairs_13,
          uniq_crazy_yiuf_cottage
D:4:      minmay_polygon_palace, layout_basic, st_stairs_13, minmay_starry_boxes

Skill      XL: |  1  2  3  4  5  6 |
---------------+-------------------+-----
Ranged Weapons | 5 6 7 |  7.6
Fighting       | 3 4 |  4.0
Dodging        | 3 |  3.7
Stealth        | |  0.7

Action                     |  1- 3 |  4- 6 || total
---------------------------+-------+-------++-------
   Fire: Shortbow          |    88 |   127 ||   215
    Use: Scroll            |     3 |     5 ||     8
         Potion            |     2 |       ||     2
 Armour: Leather armour    |     8 |     8 ||    16
  Dodge: Dodged            |    16 |    36 ||    52

Table legend:
 A = Non-vault XP
 B = Vault XP
 C = Vault XP percentage of total XP
 D = Non-vault monster count
 E = Vault monster count
 F = Vault count percentage of total count
                 A         B        C        D         E       F
            +---------+---------+-------+---------+---------+-------
      Total |     423 |     170 |  28.7 |      50 |      18 |  26.5
            +---------+---------+-------+---------+---------+-------
        D:1 |      19 |       0 |   0.0 |       9 |       0 |   0.0
        D:2 |      38 |      15 |  28.3 |       8 |       2 |  20.0
        D:3 |     138 |      27 |  16.4 |      17 |       7 |  29.2
        D:4 |     228 |     128 |  36.0 |      16 |       9 |  36.0
            +---------+---------+-------+---------+---------+-------
